cohdb
Replays
Latest Replays
All Replays
Popular Replays
Top Player Replays
Match Explorer
How It Works
Community
CoH3 Stats
Reddit
Sign in to upload your games and track your stats! →
Sign in with Steam
Match 40240926
Unlisted
Match 40240926
Overview
Messages
Build Orders
End
Construct Barracks
Riflemen Squad
Selects Heavy Weapons
Riflemen Squad
Construct Weapon Support Center
M1919 Machine Gun Team
Selects M2HB .50cal Heavy Machine Gun
Grenade Package
M1 Mortar Team
Riflemen Squad
Mechanized Support Center
Bazooka Squad
Construct Motor Pool
M8 Greyhound Armored Car
AI Takeover
Glendizzle
Molloch
Jiggy
Theprophetfire
Unsafe
mamamaxi
0
0
Comments
sign in to comment!
No comments posted yet!